 Dungeon Crawl Stone Soup version 0.19-a0-1704-gbd66c22 (webtiles) character file.

28 GrosslyIncandescent the Insei (level 2, 0/24 HPs)
             Began as a Mummy Monk on Sept 27, 2016.
             Slain by a jackal (2 damage)
             ... on level 2 of the Dungeon.
             The game lasted 00:01:14 (1123 turns).

GrosslyIncandescent the Insei (Mummy Monk)          Turns: 1123, Time: 00:01:15

Health: 0/24       AC:  2    Str: 14    XL:     2   Next: 96%
Magic:  2/2        EV: 13    Int:  9    God:
Gold:   52         SH:  0    Dex: 14    Spells: 0 memorised, 1 level left

rFire  x . .     SeeInvis .       - Unarmed
rCold  + . .     Gourm    .     (no armour)
rNeg   + + +     Faith    .     (no shield)
rPois  ∞         Spirit   .     (no helmet)
rElec  .         Dismiss  .     (no cloak)
rCorr  .         Reflect  .     a - +0 pair of gloves
MR     .....     Harm     .     (no boots)
Stlth  +.........               (no amulet)
                                i - ring of loudness (curse)
                                (no ring)

@: no status effects
A: no food or potions, fire vulnerability, cold resistance 1, negative energy
resistance 3, torment resistance, unbreathing
a: no special abilities


You were on level 2 of the Dungeon.
You were not hungry.

You visited 1 branch of the dungeon, and saw 2 of its levels.

You collected 52 gold pieces.


Innate Abilities, Weirdness & Mutations

You do not eat or drink.
Your flesh is vulnerable to fire.
You are immune to poison.
Your flesh is cold resistant. (rC+)
You are immune to negative energy. (rN+++)
You are immune to unholy pain and torment.
You can survive without breathing.


   Skills:
 - Level 3.0 Fighting
 - Level 2.4 Dodging
 - Level 1.5 Stealth
 + Level 3.4 Unarmed Combat


You had one spell level left.
You didn't know any spells.

Inventory:

Armour
 a - a +0 pair of gloves (worn)
Jewellery
 i - a cursed ring of loudness (right hand)
Scrolls
 b - a scroll of enchant weapon {unknown}
 c - 4 scrolls of identify {unknown}
 d - a scroll of fear {unknown}
 e - 2 scrolls of remove curse {unknown}
 f - a scroll of teleportation {unknown}
 g - a scroll of recharging {unknown}
 h - a scroll of noise {unknown}

Dungeon Overview and Level Annotations

Branches:
Dungeon (2/15)

Altars:
Ashenzari
Okawaru
Ru
Yredelemnul

▒▒▒▒▒▒▒▒▒ ▒▒▒
........▒▒▒▒▒▒▒.▒
....[!....h▒....▒
..........h▒.▒▒.▒▒▒▒▒▒▒
........▒▒▒M.......!...
........▒▒▒.▒▒▒.▒▒▒▒▒▒▒▒▒▒▒▒
▒▒▒.▒▒.▒....................
▒▒ ▒
.......▒▒▒▒.▒...▒...▒... .
....▒..▒▒▒ ▒............. ▒
▒.......▒▒▒▒▒▒▒▒▒...▒...▒...
▒▒ ....▒▒▒▒
▒................. .▒▒▒▒.▒.▒
▒▒▒▒▒▒....▒▒▒▒▒▒▒▒▒▒▒▒▒ ...
..... .........▒▒ ▒.▒


You could see 2 jackals.


Message History

You pummel the jackal like a punching bag!
You annihilate the jackal!!!
The jackal bites you! * * * don't die
* * * You barely miss the jackal!
The jackal is heavily wounded!
The jackal bites you! * * * don't die
* * * You barely miss the jackal!
The jackal is heavily wounded!
The jackal barely misses you!
The jackal bites you but does no damage!
You barely miss the jackal!
The jackal is heavily wounded!
The jackal bites you but does no damage!
You beat the jackal into a bloody pulp!
You annihilate the jackal!!!
The jackal barely misses you!
You pulverise the jackal!
The jackal is moderately wounded!
The jackal bites you! * * * don't die
* * * You barely miss the jackal!
The jackal is moderately wounded!
The jackal bites you! * * * don't die
* * * You closely miss the jackal!
The jackal is moderately wounded!
The jackal bites you! rip

Action                   || total
-------------------------++-------
Melee: Unarmed           ||    93
       Punch             ||     1
 Stab: Sleeping          ||     6
Armor: Skin              ||    16
Dodge: Dodged            ||    59

Vault maps used:
D:1:      mushboom_english_gardens, st_stairs_7
D:2:      ashenzari_altar_1, lemuel_coloured_pillars_altar,
          nicolae_ru_awakened_eye, nicolae_overflow_hidden_temple, first_bread,
          nicolae_qazlal_style_of_elements, uniq_jessica, uniq_sigmund

Notes
Turn   | Place    | Note
-------+----------+-------------------------------------------
     0 | D:1      | GrosslyIncandescent the Mummy Monk began the quest for the Orb.
     0 | D:1      | Reached XP level 1. HP: 18/18 MP: 1/1
   172 | D:1      | Reached XP level 2. HP: 24/24 MP: 2/2
   249 | D:1      | Reached skill level 3 in Unarmed Combat
   963 | D:2      | Found a shattered altar of Ashenzari.
   972 | D:2      | Found a sacrificial altar of Ru.
  1019 | D:2      | Found a basalt altar of Yredelemnul.
  1068 | D:2      | Found an iron altar of Okawaru.
  1122 | D:2      | HP: 2/24 [jackal (2)]
  1123 | D:2      | Slain by a jackal

Vanquished Creatures
  A dart slug (D:1)
  4 bats
  2 giant cockroaches (D:1)
  4 goblins (D:1)
  A hobgoblin (D:1)
  4 jackals
  4 frilled lizards
  3 rats (D:1)
23 creatures vanquished.
